 Dungeon Crawl Stone Soup version bcrawl-1.34.3 (webtiles) character file.

Game seed: 8717533949677278337

315775 KristoblXynda the Carver (level 10, -12/90 HPs)
             Began as a White Draconian Gladiator on Oct 8, 2021.
             Was an Elder of Okawaru.
             Killed from afar by Psyche (25 damage)
             ... with a poison arrow
             ... on level 8 of the Dungeon.
             The game lasted 00:14:06 (7609 turns).

KristoblXynda the Carver (DrGl)                     Turns: 7609, Time: 00:14:07

Health: -12/90     AC: 13    Str: 20    XL:     10   Next: 19%
Magic:  21/21      EV: 15    Int: 11    God:    Okawaru [****..]
Gold:   516        SH:  2    Dex: 12    Spells: 9/9 levels left

rFire    . . .     SeeInvis .   F - +0 scimitar
rCold    + . .     Gourm    +   (no shield)
rNeg     . . .     Faith    .   (armour unavailable)
rPois    .         Spirit   .   t - +0 hat "Fugum" {Str+2 Stlth+}
rElec    +         Reflect  .   (no cloak)
rCorr    .         Harm     .   D - +2 pair of gloves of Prudence {rElec MP+9}
MR       .....                  (no boots)
Stlth    ++........             w - amulet of the gourmand
HPRegen  0.25/turn              l - +3 ring of protection
MPRegen  0.17/turn              (no ring)

@: lethally poisoned (-12 -> -21), about to teleport, short of breath
A: breathe frost, unfitting armour, cold resistance 1, cold-blooded, AC +7
a: Breathe Frost, Heroism, Renounce Religion


You were on level 8 of the Dungeon.
You worshipped Okawaru.
Okawaru was greatly pleased with you.
You were very full.

You visited 2 branches of the dungeon, and saw 9 of its levels.
You also visited: Ossuary.

You collected 869 gold pieces.
You spent 353 gold pieces at shops.

Inventory:

Hand Weapons
 a - a +0 long sword
 F - a +0 scimitar (weapon)
Missiles
 c - 3 throwing nets {=f}
Armour
 t - the +0 hat "Fugum" (worn) {Str+2 Stlth+}
   (You bought it in a shop on level 5 of the Dungeon)

   It affects your strength (+2).
   It makes you more stealthy.
 D - the +2 pair of gloves of Prudence (worn) {rElec MP+9}
   (You bought it in a shop on level 7 of the Dungeon)

   It insulates you from electricity.
   It affects your magic capacity (+9).
 G - a +0 buckler
Jewellery
 b - an uncursed ring of wizardry
 l - a +3 ring of protection (left hand)
 w - an amulet of the gourmand (around neck)
Wands
 i - a wand of disintegration (10)
 y - a wand of digging (10)
Scrolls
 f - 5 scrolls of teleportation
 g - 2 scrolls of enchant armour
 j - a scroll of fear
 k - 2 scrolls of immolation
 n - 2 scrolls of fog
 p - 4 scrolls of remove curse
 q - 3 scrolls of enchant weapon
 z - 3 scrolls of amnesia
 A - a scroll of acquirement {unknown}
 E - 2 scrolls of magic mapping {unknown}
 H - 3 scrolls of blinking
Potions
 d - 3 potions of heal wounds
 h - 3 potions of cancellation
 m - 3 potions of brilliance
 o - a potion of resistance
 r - a potion of berserk rage {unknown}
 s - 3 potions of agility
 u - 2 potions of curing
 v - a potion of flight
 x - 2 potions of mutation
 B - a potion of lignification {unknown}
 C - a potion of invisibility {unknown}
Comestibles
 e - 15 rations {!d}


   Skills:
 + Level 8.8 Fighting
 + Level 10.4 Long Blades
 - Level 2.0 Throwing
 + Level 7.4 Dodging
 + Level 3.1 Invocations


You had 9 spell levels left.
You didn't know any spells.
Your spell library contained the following spells:

 Spells                   Type           Power        Failure   Level  Hunger
 Summon Small Mammal      Summ           #...         34%         1    None
 Call Imp                 Summ           #.....       47%         2    ####...
 Call Canine Familiar     Summ           #.......     71%         3    #####..
 Summon Ice Beast         Ice/Summ       #.......     98%         4    ######.
 Summon Lightning Spire   Summ/Air       #.......     100%        5    #######


Dungeon Overview and Level Annotations

Branches:
Dungeon (8/12)             Temple (1/1) D:4            Lair (0/6) D:7
    Orc: D:8-11

Altars:
Ashenzari
Cheibriados
Dithmenos
Elyvilon
Fedhas
Gozag
Hepliaklqana
Kikubaaqudgha
Lugonu
Makhleb
Nemelex Xobeh
Okawaru
Qazlal
Ru
Sif Muna
Trog
Uskayaw
Vehumet
Wu Jian
Xom
Yredelemnul
Zin
The Shining One

Shops:
D:4 %   D:5 [   D:6 *   D:7 [

Annotations:
D:5 2 runed translucent doors, dcsswall's ghost, novice BaIE
D:8 Psyche


Innate Abilities, Weirdness & Mutations

You can breathe waves of freezing cold.
You can buffet flying creatures when you breathe cold.
Your icy white scales are hard. (AC +7)
You cannot fit into any form of body armour.
Your flesh is cold resistant. (rC+)
You are cold-blooded and may be slowed by cold attacks.


Message History

You are poisoned.
The poison arrow hits you!! Psyche hits you but does no damage.
You feel strangely unstable.
You slice Psyche!!
Psyche is severely wounded.
You feel sick.
Psyche miscasts a cantrip.
You feel better.
Psyche points at you and mumbles some strange words.
You fall asleep.
Psyche barely misses you. Psyche misses you.
Psyche hits you but does no damage. Space warps horribly around you!!
You wake up.
* * * LOW HITPOINT WARNING * * *
Evoke which item? (* to show all) (? for menu, Esc to quit)
Okay, then.
Psyche gestures at you while chanting.
You are poisoned.
The poison arrow hits you!!
You die...

######## #......#
#.####.#
#.####.########
#.....@.......#######
#..###@######.......#
# #.# #######.#
#......# #.# ##.#####
#.# #.### #######
##...# #.....# #.....
#.....# ##.##.#


You could see Psyche.

Vanquished Creatures
  Pikel (D:5)
  3 hippogriffs (D:6)
  2 yaks
  A wyvern (D:7)
  A basilisk (D:7)
  A hungry ghost (D:6)
  A crocodile (D:7)
  A swamp drake (D:7)
  A sky beast (D:3)
  An orc warrior (D:7)
  An ice beast (D:7)
  A necrophage (D:6)
  3 ogres
  5 centaurs
  3 bullfrogs
  2 big kobolds
  3 elf zombies (Ossuary)
  A howler monkey (D:4)
  3 orc priests
  3 centaur zombies (Ossuary)
  A jelly (D:7)
  3 orc wizards
  3 crimson imps
  A hound (D:7)
  4 human zombies
  3 bullfrog skeletons
  An iguana (D:7)
  3 worker ants
  2 mummies (Ossuary)
  A hound skeleton (D:4)
  11 adders
  A shadow imp (D:6)
  An ooze (D:3)
  An adder skeleton (D:4)
  An adder zombie (Ossuary)
  2 worms (D:3)
  3 dart slugs
  6 leopard geckos
  15 orcs
  2 ball pythons
  3 giant cockroaches (D:1)
  2 goblins
  6 hobgoblins
  10 jackals
  12 kobolds
  4 quokkas
  4 bats
  5 frilled lizards
  A goblin zombie (Ossuary)
  9 hobgoblin zombies (Ossuary)
  A jackal skeleton (D:3)
  2 jackal zombies
  6 kobold zombies (Ossuary)
  10 orc zombies (Ossuary)
  A quokka skeleton (D:4)
  6 rats
185 creatures vanquished.

Vanquished Creatures (others)
  2 worker ants (D:5)
  An orc (D:5)
3 creatures vanquished.

Grand Total: 188 creatures vanquished

Notes
Turn   | Place    | Note
-------+----------+-------------------------------------------
     0 | D:1      | KristoblXynda the Draconian Gladiator began the quest for
                  | the Orb.
     0 | D:1      | Reached XP level 1. HP: 19/19 MP: 1/1
   154 | D:1      | Reached XP level 2. HP: 26/26 MP: 2/2
   403 | D:1      | Reached XP level 3. HP: 21/33 MP: 3/3
  1010 | D:2      | Found a white marble altar of Elyvilon.
  1354 | D:2      | Found a hazy altar of Hepliaklqana.
  1614 | D:2      | Found a shimmering blue altar of Sif Muna.
  1853 | D:3      | Reached skill level 4 in Long Blades
  1853 | D:3      | Reached XP level 4. HP: 40/40 MP: 4/4
  1861 | D:3      | Found a blossoming altar of Fedhas.
  1922 | D:3      | Found a shattered altar of Ashenzari.
  2070 | D:3      | Noticed a sky beast
  2113 | D:3      | Killed a sky beast
  2114 | D:3      | Reached XP level 5. HP: 14/47 MP: 5/5
  2817 | D:3      | Reached skill level 5 in Long Blades
  2970 | D:4      | Found Onolub's Food Shoppe.
  3023 | D:4      | Found a staircase to the Ecumenical Temple.
  3031 | Temple   | Entered the Ecumenical Temple
  3387 | Temple   | Became a worshipper of Warmaster Okawaru
  3468 | D:4      | Found a stormy altar of Qazlal.
  3512 | D:4      | Reached XP level 6. HP: 53/53 MP: 6/6
  3567 | D:4      | Reached skill level 5 in Fighting
  3925 | D:4      | Found a shimmering altar of Xom.
  4019 | D:5      | Entered Level 5 of the Dungeon
  4114 | D:5      | Found a stormy altar of Qazlal.
  4115 | D:5      | Noticed Pikel
  4116 | D:5      | Noticed a slave
  4116 | D:5      | Noticed a slave
  4116 | D:5      | Noticed a slave
  4118 | D:5      | Noticed a slave
  4137 | D:5      | Killed Pikel
  4137 | D:5      | Reached * piety under Okawaru
  4137 | D:5      | Reached ** piety under Okawaru
  4138 | D:5      | Reached skill level 7 in Long Blades
  4138 | D:5      | Your scales start taking on an icy white colour.
  4138 | D:5      | Reached XP level 7. HP: 43/62 MP: 5/7
  4138 | D:5      | Gained mutation: Your flesh is cold resistant. (rC+) [White
                  | Draconian growth]
  4146 | D:5      | Reached skill level 5 in Dodging
  4147 | D:5      | Reached XP level 8. HP: 47/70 MP: 6/8
  4385 | D:5      | Found Kaukif's Antique Armour Emporium.
  4394 | D:5      | Bought a shimmering hat for 144 gold pieces
  4395 | D:5      | Identified the +0 hat "Fugum" {Str+2 Stlth+} (You bought it
                  | in a shop on level 5 of the Dungeon)
  4445 | D:5      | Found a sacrificial altar of Ru.
  4457 | D:5      | Found a runed translucent door.
  4457 | D:5      | Noticed dcsswall's ghost (novice BaIE)
  4867 | D:5      | Found a runed translucent door.
  4920 | D:5      | Reached skill level 8 in Long Blades
  5008 | D:5      | Found a sacrificial altar of Ru.
  5064 | D:6      | Got an encrusted flail
  5071 | D:6      | Identified the cursed +0 flail of Emoakoob {flame, -Tele
                  | rN+ Dex+4} (You found it on level 6 of the Dungeon)
  5283 | D:6      | Reached *** piety under Okawaru
  5329 | D:6      | Noticed a hippogriff
  5362 | D:6      | Killed a hippogriff
  5636 | D:6      | Noticed a hippogriff
  5640 | D:6      | Noticed a hippogriff
  5641 | D:6      | Found an opulent altar of Gozag.
  5653 | D:6      | Killed a hippogriff
  5654 | D:6      | Reached XP level 9. HP: 45/79 MP: 9/9
  5666 | D:6      | Found Gozag's Platinum Reserve.
  5687 | D:6      | Reached skill level 9 in Long Blades
  6034 | D:7      | Reached **** piety under Okawaru
  6254 | D:7      | Found a sand-covered staircase.
  6276 | Ossuary  | Entered an ossuary
  6474 | Ossuary  | Reached skill level 10 in Long Blades
  6691 | D:7      | Reached skill level 1 in Invocations
  6819 | D:7      | Found Jozan's Antique Armour Emporium.
  6875 | D:7      | Bought a pair of glimmering gloves for 209 gold pieces
  6886 | D:7      | Identified the +2 pair of gloves of Prudence {rElec MP+9}
                  | (You bought it in a shop on level 7 of the Dungeon)
  7002 | D:7      | Reached XP level 10. HP: 83/90 MP: 11/11
  7007 | D:7      | Found a staircase to the Lair.
  7207 | D:7      | Found a bloodstained altar of Trog.
  7322 | D:8      | Found a sparkling altar of Nemelex Xobeh.
  7390 | D:8      | Found a sparkling altar of Nemelex Xobeh.
  7447 | D:8      | Found a glowing golden altar of the Shining One.
  7596 | D:8      | Noticed Psyche
  7609 | D:8      | Killed from afar by Psyche

Skill      XL: |  1  2  3  4  5  6  7  8  9 10 |
---------------+-------------------------------+-----
Throwing       | 2 |  2.0
Dodging        | 3 4 5 6 7 |  7.4
Long Blades    | 4 5 7 8 10 | 10.4
Fighting       | 4 5 6 7 8 |  8.8
Invocations    | 2 3 |  3.1

Action                   |  1- 3 |  4- 6 |  7- 9 | 10-12 || total
-------------------------+-------+-------+-------+-------++-------
Melee: Long sword        |   139 |   178 |   197 |       ||   514
       Tailslap          |     9 |    33 |    54 |     6 ||   102
       Scimitar          |       |       |   213 |    50 ||   263
 Abil: Breathe Frost     |       |       |     2 |     1 ||     3
  Use: Scroll            |     2 |     6 |    12 |     2 ||    22
       Potion            |       |     1 |       |     1 ||     2
 Stab: Sleeping          |     1 |     1 |     6 |       ||     8
       Distracted        |       |       |     1 |       ||     1
  Eat: Chunk             |     7 |    11 |    27 |     1 ||    46
       Ration            |       |       |     2 |       ||     2
Armor: Skin              |    36 |    37 |   135 |    11 ||   219
Dodge: Dodged            |   114 |   109 |   287 |    29 ||   539
Block: Other             |     1 |     5 |    40 |     3 ||    49
